 Dungeon Sprint DCSS version 0.28.0-53-g5a82cb258f (webtiles) character file.

Game seed: 6485555705365233173

49 bnorton916 the Ruffian (level 3, -1/39 HPs)
             Began as a Troll Fighter on June 6, 2022.
             Slain by a water elemental (14 damage)
             ... in the Dungeon (Sprint III: "The Ten Rune Challenge").
             The game lasted 00:01:11 (332 turns).

bnorton916 the Ruffian (Troll Fighter)               Turns: 332, Time: 00:01:11

Health: -1/39      AC:  4    Str: 26    XL:     3   Next: 53%
Magic:  2/2        EV:  9    Int:  4    God:
Gold:   20         SH:  7    Dex:  9    Spells: 2/2 levels left

rFire   . . .      SeeInvis .     - Unarmed
rCold   . . .      Faith    .   b - +0 kite shield
rNeg    . . .      Spirit   .   a - +0 robe
rPois   .          Reflect  .   (helmet restricted)
rElec   .          Harm     .   (no cloak)
rCorr   .          Rampage  .   (gloves unavailable)
Will    .....      NoTele   +   (boots unavailable)
Stlth   +.........              (no amulet)
HPRegen 0.93/turn               (no ring)
MPRegen 0.08/turn               (no ring)

@: no status effects
A: large, unfitting armour, claws 3, regeneration 1, shaggy fur 1, tough skin 1
a: no special abilities


You were in the Dungeon.
You visited 1 branch You collected 20 gold pieces.

Inventory:

Armour
 a - a +0 robe (worn)
 b - a +0 kite shield (worn)
Scrolls
 i - a scroll of blinking
 k - a scroll of holy word {unknown}
 l - a scroll of identify {unknown}
 n - 2 scrolls of immolation {unknown}
Potions
 c - 2 potions of might
 d - 3 potions of curing
 f - a potion of haste
 g - 2 potions of magic
 h - a potion of berserk rage
 j - 2 potions of mutation {unknown}
 m - 3 potions of flight


   Skills:
 + Level 3.8 Fighting
 + Level 3.7 Dodging
 + Level 3.7 Shields
 + Level 4.0 Unarmed Combat


You had 2 spell levels left.
You didn't know any spells.
Your spell library was empty.

Dungeon Overview and Level Annotations

Branches:
Dungeon (1/1)

Altars:


Innate Abilities, Weirdness & Mutations

You are too large for most types of armour.
You have claws for hands.
Your natural rate of healing is unusually fast.
You are covered in fur. (AC +1)
You have tough skin. (AC +1)


Message History

d - 3 potions of curing (gained 1);
m - 3 potions of flight (gained 2)
You now have 20 gold pieces (gained 4).
There is an open door here.
You open the door.
A water elemental comes into view.
You scratch the water elemental.
The water elemental is lightly damaged.
The water elemental hits you.
You scratch the water elemental.
The water elemental is lightly damaged.
The water elemental hits you!!
The water elemental engulfs you in water!
You barely miss the water elemental.
The water elemental is lightly damaged.
Your lungs strain for air!
The water elemental hits you!
* * * LOW HITPOINT WARNING * * *
You claw the water elemental!
The water elemental is heavily damaged.
* * * LOW HITPOINT WARNING * * *
Your lungs strain for air!
You block the water elemental's attack.
Unknown command.
You feel much better.
Your lungs strain for air!
You block the water elemental's attack.
You slip free of the water engulfing you.
You gasp with relief as air once again reaches your lungs.
You block the water elemental's attack.
You claw the water elemental!
The water elemental is almost destroyed.
The water elemental hits you!
* * * LOW HITPOINT WARNING * * *
The water elemental engulfs you in water!
You slip free of the water engulfing you.
You gasp with relief as air once again reaches your lungs.
You scratch the water elemental but do no damage.
The water elemental is almost destroyed.
The water elemental hits you!
You die...

▓..†..#....≈♣♣♣♣..###+#+#
▓.....#...≈≈...♣..#......
▓....[#..≈≈≈≈♣♣♣♣.'.⌠....
▓####'#..≈≈≈≈≈≈.♣.#...###
▓...†.#.≈≈≈≈≈≈....# ⌠.#
▓...).#.≈≈≈≈≈.....# .#
▓.....#.≈≈≈.......# #
▓'#####......E....#
▓...÷.......@.....#
▓▓▓▓▓▓▓▓▓▓▓▓▓▓▓▓▓▓▓


You could see a water elemental.

Vanquished Creatures
  Jessica (D)
  A human (D)
  A phantom (D)
  An endoplasm (D)
  2 rats (D)
6 creatures vanquished.

Notes
Turn   | Place    | Note
-------+----------+-------------------------------------------
     0 | D        | bnorton916 the Troll Fighter began the quest for the Orb.
     0 | D        | Reached XP level 1. HP: 22/22 MP: 0/0
    13 | D        | Noticed Jessica
    29 | D        | Killed Jessica
    30 | D        | Reached skill level 3 in Unarmed Combat
    30 | D        | Reached XP level 2. HP: 25/31 MP: 1/1
    30 | D        | Reached XP level 3. HP: 30/37 MP: 2/2
   273 | D        | Reached skill level 4 in Unarmed Combat
   319 | D        | Noticed a water elemental
   332 | D        | Slain by a water elemental

Illustrated notes

Levels and vault maps discovered:
D:        dungeon_sprint_mu [sprint_mu_entry_forest, sprint_mu_temple_rooms,
          sprint_mu_d1_horrors, sprint_mu_d2_genie, sprint_mu_d3_branching,
          sprint_mu_orc_legion, sprint_mu_elf_gauntlet, sprint_mu_hive_nellie,
          sprint_mu_lair_fedhas, sprint_mu_vaults_butterflies,
          sprint_mu_slime_circle, sprint_mu_swamp_cave, sprint_mu_shoals_archi,
          sprint_mu_blade_basic, sprint_mu_crypt_chambers,
          sprint_mu_tomb_spiral, sprint_mu_vestibule_basic,
          sprint_mu_gehenna_hellfire, sprint_mu_dis_giant,
          sprint_mu_tartarus_statrot, sprint_mu_cocytus_islands, sprint_mu_zot1]

Skill      XL: |  1  2  3 |
---------------+----------+-----
Fighting       | 3 |  3.8
Dodging        | 3 |  3.7
Shields        | 3 |  3.7
Unarmed Combat | 3 4 |  4.0

Action                   || total
-------------------------++-------
Melee: Unarmed           ||    32
  Use: Potion            ||     1
Armor: Robe              ||     3
Dodge: Dodged            ||     5
Block: Kite shield       ||     9
